 Dungeon Crawl Stone Soup version 0.31.0-9-g3a7656b989 (webtiles) character file.

Game seed: 17419797222075581732

127 qw the Ducker (level 4, -2/22 HPs)
             Began as a Spriggan Hunter on Feb 2, 2024.
             Slain by an orc
             ... wielding a +0 hand axe
              (6 damage)
             ... on level 3 of the Dungeon.
             The game lasted 00:00:04 (1421 turns).

qw the Ducker (Spriggan Hunter)                     Turns: 1421, Time: 00:00:04

Health: -2/22      AC:  2    Str:  7    XL:     4   Next: 85%
Magic:  5/5        EV: 20    Int: 10    God:
Gold:   156        SH:  0    Dex: 20    Spells: 3/3 levels left

rFire   . . .        a - +1 shortbow
rCold   . . .        (shield currently unavailable)
rNeg    . . .        c - +0 robe
rPois   .            (helmet restricted)
rElec   .            (no cloak)
rCorr   .            (gloves unavailable)
SInv    +            (boots unavailable)
Will    .....        (no amulet)
Stlth   ++           (no ring)
HPRegen 0.23/turn    (no ring)
MPRegen 0.09/turn

%: no passive effects
@: about to teleport, very quick
A: very small, no large weapons, unfitting armour, see invisible, speed 3
a: no special abilities


You were on level 3 of the Dungeon.
You visited 1 branch of the dungeon, and saw 3 of its levels.

You collected 156 gold pieces.


Innate Abilities, Weirdness & Mutations

You are very small and have problems with some larger weapons.
You are too small for most types of armour.
You have supernaturally acute eyesight. (SInv)
You cover ground extremely quickly. (Speed+++)


   Skills:
 + Level 1.5 Fighting
 - Level 5.1 Ranged Weapons
 - Level 5.3 Dodging
 - Level 1.5 Stealth


You had 3 spell levels left.
You didn't know any spells.
Your spell library was empty.

Inventory:

Hand Weapons
 a - a +1 shortbow (weapon)
Armour
 c - a +0 robe (worn)
Scrolls
 b - a scroll of identify
Potions
 d - a potion of curing

Dungeon Overview and Level Annotations

Branches:
Dungeon (3/15)

Altars:
Cheibriados


Message History

The orc wizard is severely wounded.
You shoot an arrow. The arrow hits the orc wizard.
The orc wizard is almost dead.
An orc comes into view. It is wielding a +0 hand axe.
The orc wizard gestures at you while chanting.
The magic dart hits you!
You shoot an arrow. The arrow barely misses the orc wizard.
The orc wizard gestures at you while chanting.
You easily resist.
The orc closely misses you. The orc wizard completely misses you.
You shoot an arrow.
The arrow closely misses the orc wizard.
The orc wizard hits you with a +0 dagger.
The orc barely misses you.
You shoot an arrow. The arrow hits the orc wizard.
You kill the orc wizard!
The orc misses you.
Your Dodging skill increases to level 5!
You shoot an arrow. The arrow barely misses the orc.
The arrow closely misses the orc.
The orc hits you with a +0 mace.
You shoot an arrow.
The arrow hits the orc but does no damage.
The orc barely misses you.
You shoot an arrow. The arrow barely misses the orc.
The orc barely misses you. The orc completely misses you.
The orc closely misses you. x2
You shoot an arrow. The arrow hits the orc.
The orc is moderately wounded.
The orc closely misses you. The orc hits you with a +0 mace!
1419 ||| READING scroll of teleportation.
As you read the scroll of teleportation, it crumbles to dust.
You feel strangely unstable. The orc hits you with a +0 hand axe.
The orc hits you but does no damage.
You shoot an arrow. The arrow barely misses the orc.
The orc misses you. The orc closely misses you.
You shoot an arrow. The arrow hits the orc.
The orc is moderately wounded.
The orc hits you with a +0 hand axe.
You die...

.............#............
........................## #
.........¤...............###.#
........~~~¤~~¤..###..........
........~~~~~~~..###.##......#
.............¤¤.(..........#
#.........¤..~¤..###.##.####
......8888.¤¤¤......# .#
........8.¤~¤.@##..# .#
....._.8.¤¤¤oo##......
.8..$)...#.#.#.#
.........#.#.#.#
......#..#.#.#.#
..%>.......... ......#.##.# #
.........


You could see 2 orcs.

Vanquished Creatures
  A hound (D:3)
  An orc priest (D:3)
  An orc wizard (D:3)
  An adder (D:2)
  2 dart slugs
  An orc (D:3)
  4 endoplasms (D:1)
  3 giant cockroaches
  A goblin (D:1)
  4 hobgoblins
  A quokka (D:1)
  3 ball pythons
  A bat (D:2)
  2 frilled lizards
  3 kobolds
  A rat (D:1)
30 creatures vanquished.

Notes
Turn   | Place    | Note
-------+----------+-------------------------------------------
     0 | D:1      | qw the Spriggan Hunter began the quest for the Orb.
     0 | D:1      | Reached XP level 1. HP: 10/10 MP: 2/2
     0 | D:1      | 0 ||| qw: Version: 0.3-a-155-g5e7d8dd
     0 | D:1      | 0 ||| qw: Game counter: 2282
     0 | D:1      | 0 ||| qw: Melee chars always use a shield: true
     0 | D:1      | 0 ||| qw: God list: Okawaru
     0 | D:1      | 0 ||| qw: Allow faded altars: false
     0 | D:1      | 0 ||| qw: Do Orc after clearing Dungeon:15 true
     0 | D:1      | 0 ||| qw: Do second Lair branch before Depths: true
     0 | D:1      | 0 ||| qw: Lair rune preference: random
     0 | D:1      | 0 ||| qw: Goals: Normal
     0 | D:1      | 0 ||| PLANNING D:1-11
     2 | D:1      | Noticed a tengu
     2 | D:1      | Noticed a vampire
     4 | D:1      | Noticed a spriggan
     4 | D:1      | Noticed a minotaur
     6 | D:1      | Noticed a barachi
     6 | D:1      | Noticed a gargoyle
    10 | D:1      | Noticed a demigod
    10 | D:1      | Noticed a human
    12 | D:1      | Noticed an elf
    12 | D:1      | Noticed a vine stalker
    14 | D:1      | Noticed an oni
    14 | D:1      | Noticed a draconian
    16 | D:1      | Noticed a formicid
    18 | D:1      | Noticed a demonspawn
    20 | D:1      | Noticed a ghoul
    20 | D:1      | Noticed a troll
    22 | D:1      | Noticed a djinni
    22 | D:1      | Noticed an armataur
    24 | D:1      | Noticed a naga
    24 | D:1      | Noticed a felid
    26 | D:1      | Noticed an octopode
    26 | D:1      | Noticed a merfolk
    92 | D:1      | Reached skill level 3 in Dodging
   133 | D:1      | Reached XP level 2. HP: 14/14 MP: 3/3
   587 | D:1      | 587 ||| READING scroll labelled HIRCHI LITOCE.
   588 | D:1      | 588 ||| DROPPING scroll of butterflies.
   817 | D:2      | Found a faded altar of an unknown god.
   879 | D:2      | Reached XP level 3. HP: 18/18 MP: 4/4
  1331 | D:2      | 1331 ||| READING scroll labelled BICISCH QITU.
  1331 | D:2      | 1331 ||| ENCHANTING +0 shortbow.
  1332 | D:2      | 1332 ||| READING 2 scrolls labelled ZOS IHOQOEFO.
  1336 | D:2      | 1336 ||| READING scroll labelled QYTHRO YBADWIWO.
  1336 | D:2      | 1336 ||| IDENTIFYING murky golden potion
  1337 | D:2      | 1337 ||| DRINKING 2 smoky coppery potions.
  1338 | D:2      | 1338 ||| DROPPING potion of brilliance.
  1377 | D:3      | Found a snail-covered altar of Cheibriados.
  1403 | D:3      | Reached XP level 4. HP: 22/22 MP: 5/5
  1418 | D:3      | HP: 4/22 [orc/+0 mace (7)]
  1419 | D:3      | 1419 ||| READING scroll of teleportation.
  1421 | D:3      | Slain by an orc

Levels and vault maps discovered:
D:1:      kb_arrival_jail, layout_basic, serial_bayou_pond_e, minivault_4,
          minmay_misc_feat_cross
D:2:      layout_loops_ring, shapermc_ecumenical_altar_acropolis
D:3:      layout_basic, mainiacjoe_overflow_paths, mainiacjoe_overflow_chevrons,
          serial_shops, shop, minmay_misc_feat_room, uniq_terence

Skill      XL: |  1  2  3  4 |
---------------+-------------+-----
Dodging        | 3 4 5 |  5.3
Ranged Weapons | 5 |  5.1
Fighting       | |  1.5
Stealth        | |  1.5

Action                     |  1- 3 |  4- 6 || total
---------------------------+-------+-------++-------
   Fire: Shortbow          |    68 |    18 ||    86
    Use: Scroll            |     4 |     1 ||     5
         Potion            |     1 |       ||     1
 Armour: Robe              |     7 |     7 ||    14
  Dodge: Dodged            |    19 |    12 ||    31

Table legend:
 A = Non-vault XP
 B = Vault XP
 C = Vault XP percentage of total XP
 D = Non-vault monster count
 E = Vault monster count
 F = Vault count percentage of total count
                 A         B        C        D         E       F
            +---------+---------+-------+---------+---------+-------
      Total |     182 |       0 |   0.0 |      30 |       0 |   0.0
            +---------+---------+-------+---------+---------+-------
        D:1 |      32 |       0 |   0.0 |      17 |       0 |   0.0
        D:2 |      26 |       0 |   0.0 |       8 |       0 |   0.0
        D:3 |     124 |       0 |   0.0 |       5 |       0 |   0.0
            +---------+---------+-------+---------+---------+-------
